 Dungeon Crawl Stone Soup version 0.29-a0-887-gcbe080d7e0 (webtiles) character file.

Game seed: 3436282782514329773

116 xian the Trooper (level 5, -1/51 (53) HPs)
             Began as an Ogre Warper on July 21, 2022.
             Slain by a gnoll
             ... wielding a +0 whip
              (3 damage)
             ... on level 5 of the Dungeon.
             The game lasted 00:07:48 (3021 turns).

xian the Trooper (Ogre Warper)                      Turns: 3021, Time: 00:07:48

HP:   -1/51 (53)    AC:  6    Str: 17    XL:     5   Next: 0%
MP:   8/8           EV: 10    Int: 14    God:
Gold: 95            SH:  0    Dex:  8    Spells: 7/9 levels left

rFire   . . .      SeeInvis .   a - +0 hand axe
rCold   + . .      Faith    .   (no shield)
rNeg    . . .      Spirit   .   s - +2 robe of Servitude {rC+ rCorr}
rPois   .          Reflect  .   (helmet restricted)
rElec   .          Harm     .   p - +0 cloak
rCorr   +          Rampage  .   (gloves unavailable)
Will    .....                   (boots unavailable)
Stlth   +.........              (no amulet)
HPRegen 0.17/turn               (no ring)
MPRegen 0.11/turn               (no ring)

@: lightly drained
A: large, unfitting armour, tough skin 1
a: no special abilities


You were on level 5 of the Dungeon.
You visited 1 branch of the dungeon, and saw 5 of its levels.

You collected 95 gold pieces.

Inventory:

Hand Weapons
 a - a +0 hand axe (weapon)
Missiles
 d - 5 boomerangs of dispersal
 g - 3 silver javelins
 j - 2 poisoned darts (quivered)
 n - 2 boomerangs
Armour
 p - a +0 cloak (worn)
 s - the +2 robe of Servitude (worn) {rC+ rCorr}
   (You found it on level 2 of the Dungeon)

   rC:        It protects you from cold.
   rCorr:     It protects you from acid and corrosion.
Jewellery
 b - a +4 ring of slaying
Scrolls
 c - a scroll of blinking
 e - a scroll of vulnerability {unknown}
 i - 2 scrolls of identify {unknown}
 k - a scroll of immolation {unknown}
 r - a scroll of brand weapon {unknown}
Potions
 f - a potion of brilliance {unknown}
 h - a potion of curing {unknown}
 l - 2 potions of degeneration {unknown}
 m - 2 potions of resistance {unknown}
 o - 2 potions of haste {unknown}
 q - a potion of mutation {unknown}


   Skills:
 + Level 3.2 Fighting
 + Level 3.0 Axes
 * Level 2.0 Throwing
 + Level 3.0 Dodging
 + Level 0.1 Stealth
 + Level 2.5 Spellcasting
 * Level 3.1 Translocations


You had 7 spell levels left.
You knew the following spells:

 Your Spells              Type           Power      Damage    Failure   Level
a - Blink                 Tloc           20%        N/A       10%         2

Your spell library contained the following spells:

 Spells                   Type           Power      Damage    Failure   Level
 Gell's Gravitas          Tloc           10%        N/A       19%         3
 Lesser Beckoning         Tloc           10%        N/A       19%         3
 Teleport Other           Tloc           10%        N/A       19%         3
 Ignite Poison            Fire/Tmut/Pois 1%         N/A       56%         3
 Mephitic Cloud           Conj/Pois/Air  1%         N/A       56%         3
 Manifold Assault         Tloc           10%        N/A       86%         5
 Summon Forest            Summ/Tloc      3%         N/A       97%         5
 Freezing Cloud           Conj/Ice/Air   0%         6-21      99%         5
 Eringya's Noxious Bog    Tmut/Pois      0%         N/A       100%        6
 Summon Hydra             Summ           0%         N/A       100%        7


Dungeon Overview and Level Annotations

Branches:
Dungeon (5/15)
 Temple: D:4-7

Altars:
Ashenzari

Annotations:
D:4 Dowan, Duvessa


Innate Abilities, Weirdness & Mutations

You are too large for most types of armour.
You have tough skin. (AC +1)


Message History

The gnoll hits you with a +0 whip.
* * * LOW HITPOINT WARNING * * *
The gnoll barely misses you.
Throw: 5 darts (poison)
Press: ? - help, Q - select action, (/) - cycle Shift-Dir - straight line, f/p - gnoll
Aim: a gnoll, wielding a +0 whip (60% to hit)
You throw a poisoned dart. The poisoned dart hits the gnoll.
The gnoll is poisoned.
The gnoll hits you with a +0 whip.
* * * LOW HITPOINT WARNING * * *
The gnoll barely misses you.
Throw: 4 darts (poison)
Press: ? - help, Q - select action, (/) - cycle Shift-Dir - straight line, f - gnoll, p - gnoll
Aim: a gnoll, wielding a +0 whip (moderately wounded, poisoned, 60% to hit)
You throw a poisoned dart.
The poisoned dart closely misses the gnoll.
The gnoll hits you but does no damage. The gnoll barely misses you.
Throw: 3 darts (poison)
Press: ? - help, Q - select action, (/) - cycle Shift-Dir - straight line, f/p - gnoll
Aim: a gnoll, wielding a +0 whip (moderately wounded, poisoned, 60% to hit)
You throw a poisoned dart. The poisoned dart hits the gnoll.
The gnoll is moderately wounded.
Unknown command.
You barely miss the gnoll.
The gnoll is heavily wounded.
You hit the gnoll.
You kill the gnoll!
The gnoll hits you with a +0 whip.
* * * LOW HITPOINT WARNING * * *
The gnoll hits you with a +0 whip.
* * * LOW HITPOINT WARNING * * *
You have reached level 5!
You hit the gnoll but do no damage.
The gnoll is heavily wounded.
The gnoll barely misses you.
Unknown command.
You closely miss the gnoll.
The gnoll is heavily wounded.
The gnoll hits you with a +0 whip.
You die...

# #### .# .....
####.# .....####
#@g.(##
#....#######)...##
#.....>..........#
#...<............#
#..#######..........
..... #####..(###
.#..# #..# #.. ..#
... #.#


You could see a gnoll (poisoned).

Vanquished Creatures
  An orc wizard (D:3)
  2 gnolls
  3 adders
  A worm (D:2)
  3 orcs (D:3)
  3 endoplasms (D:2)
  3 giant cockroaches
  3 goblins (D:2)
  2 hobgoblins
  4 jackals (D:2)
  A quokka (D:1)
  4 ball pythons
  2 bats
  2 frilled lizards
  5 kobolds
  5 rats
44 creatures vanquished.

Notes
Turn   | Place    | Note
-------+----------+-------------------------------------------
     0 | D:1      | xian the Ogre Warper began the quest for the Orb.
     0 | D:1      | Reached XP level 1. HP: 22/22 MP: 3/3
   348 | D:1      | Reached XP level 2. HP: 22/29 MP: 5/5
   374 | D:1      | Learned a level 2 spell: Blink
  1284 | D:2      | Reached XP level 3. HP: 20/37 MP: 6/6
  1745 | D:2      | Found a broken altar of Ashenzari.
  1751 | D:2      | Found a faded altar of an unknown god.
  2202 | D:2      | Identified the +2 robe of Servitude {rC+ rCorr}
  2417 | D:3      | Reached XP level 4. HP: 38/45 MP: 7/7
  2701 | D:3      | You fall into a shaft and drop 1 floor!
  2847 | D:4      | Noticed Dowan
  2847 | D:4      | Noticed Duvessa
  2869 | D:5      | Entered Level 5 of the Dungeon
  3019 | D:5      | HP: 1/42 [gnoll/+0 whip (2)]
  3020 | D:5      | Reached XP level 5. HP: 1/51 MP: 8/8
  3021 | D:5      | Slain by a gnoll

Illustrated notes

Levels and vault maps discovered:
D:1:      psy_arrival_radial01, layout_basic
D:2:      layout_basic, basic_altar, chequers_ecumenical_altar_simple
D:3:      layout_basic, nicolae_elyvilon_temple_path,
          mainiacjoe_overflow_small_starburst, mainiacjoe_overflow_tiny_flanked,
          uniq_robin
D:4:      layout_gridville, chequers_temple_overflow_statue_of_worship,
          uniq_blork_the_orc, uniq_duvessa
D:5:      layout_cave_pods, old_standard_altar, jmf_multi_god_temple2,
          nicolae_overflow_crystal_walls, minmay_temple_entry_wispy

Skill      XL: |  1  2  3  4 |
---------------+-------------+-----
Fighting       | 3 |  3.2
Translocations | 3 |  3.1
Axes           | 3 |  3.0
Throwing       | 2 |  2.0
Dodging        | 3 |  3.0
Stealth        | |  0.1
Spellcasting   | |  2.5

Action                   |  1- 3 |  4- 6 || total
-------------------------+-------+-------++-------
Melee: Hand axe          |   120 |    38 ||   158
       Punch             |     1 |     1 ||     2
Throw: Boomerang         |     1 |     1 ||     2
       Javelin           |     8 |     3 ||    11
       Dart              |       |    19 ||    19
Armor: Robe              |    46 |    38 ||    84
Dodge: Dodged            |    78 |    25 ||   103

Table legend: (Time is in decaauts)
 A = Elapsed time spent in this place.
 B = Non-inter-level travel time spent in this place.
 C = Inter-level travel time spent in this place.
 D = Time resting spent in this place.
 E = Time spent auto-exploring this place.
 F = Levels seen in this place.
 G = Mean time per level.
                   A        B        C        D        E       F      G
               +--------+--------+--------+--------+--------+-----+--------+
         Total |   3052 |   3003 |     49 |    127 |   2219 |   5 |  610.4 |
       Dungeon |   3052 |   3003 |     49 |    127 |   2219 |   5 |  610.4 |
               +--------+--------+--------+--------+--------+-----+--------+

Top non-repeatable levels by time:
     D:1: 1208 daAuts
     D:2: 1199 daAuts
     D:3: 323 daAuts
     D:4: 173 daAuts
     D:5: 149 daAuts
